AoeStats
← Xtreme | ticohzao

Arena

508542492Analyzed
4v4 RM · 10d ago on Sep 22, 2026· 49m 52s· 8 players
Game mode
Random Map
Map size
Large (8 player)
Population
200
Speed
Normal
Resources
Standard
Victory
Conquest
Starting age
Dark Age
Ending age
Imperial Age
RankedLock teamsTeams togetherTeam positionsShared explorationLock speedFull tech treeHidden civsTurbo modeCheats
Victory
Defeat
🇧🇷 Wei · Brazil
1444
+12
🇧🇷 Turks · Brazil
1439
+13
🇧🇷 Persians · Brazil
1395
+14
🇧🇷 Vikings · Brazil
1217
+22
🇭🇰 Celts · Hong Kong SAR China
1410
-17
🇨🇳 Mongols · China
1373
-16
🇲🇽 Danes · Mexico
1339
-15
🇺🇸 Varangians · United States
1306
-13
SAMOAN SHOTGUN
11:11 Feudal Age
15:30 Castle Age
15:03 Double-Bit Axe
17:03 Bow Saw
23:35 Squires
28:16 Forging
30:12 Elite Skirmisher
35:23 Loom
emmanueldltq08
10:08 Feudal Age
14:05 Castle Age
12:30 Double-Bit Axe
13:04 Horse Collar
15:04 Bow Saw
15:10 Heavy Plow
15:53 Loom
22:26 Fervor
22:57 Gold Mining
24:02 Wheelbarrow
24:23 Gold Shaft Mining
24:14 Sanctity
28:16 Imperial Age
26:42 Masonry
26:47 Scale Mail Armor
26:58 Forging
26:13 Pikeman
27:01 Squires
27:58 Chain Mail Armor
27:35 Arson
28:17 Halberdier
28:22 Onager
28:43 Northmen's Fury
31:45 Plate Mail Armor
31:51 Iron Casting
31:38 Conscription
32:24 Siege Engineers
33:54 Elite Varangian Guard
35:42 Blast Furnace
34:33 Fletching
34:48 Stone Mining
36:30 Chemistry
36:13 Capped Ram
37:59 Ballistics
37:36 Bodkin Arrow
40:59 Siege Onager
42:16 Bracer
43:33 Hand Cart
43:51 Gambesons
牛比无极限
9:18 Feudal Age
13:57 Castle Age
12:31 Double-Bit Axe
13:03 Horse Collar
16:25 Loom
19:56 Wheelbarrow
21:21 Bow Saw
23:29 Heavy Plow
28:55 Imperial Age
26:44 Hand Cart
27:11 Scale Barding Armor
27:17 Forging
27:02 Gold Mining
28:42 Chain Barding Armor
29:10 Bloodlines
29:03 Husbandry
30:05 Iron Casting
29:13 Heavy Camel Rider
31:11 Conscription
32:06 Blast Furnace
32:24 Ballistics
33:04 Chemistry
32:24 Fletching
32:49 Elite Mangudai
33:32 Bodkin Arrow
33:38 Padded Archer Armor
33:03 Light Cavalry
34:13 Thumb Ring
34:34 Parthian Tactics
34:14 Bracer
35:26 Gold Shaft Mining
34:44 Stone Mining
36:25 Chemistry
35:43 Leather Archer Armor
35:24 Hussar
35:57 Capped Ram
37:32 Town Watch
40:18 Siege Ram
41:20 Drill
44:50 Coinage
46:31 Banking
Freegan
5:52 Loom
11:45 Feudal Age
12:52 Double-Bit Axe
15:39 Castle Age
13:41 Horse Collar
14:42 Gold Mining
16:29 Bow Saw
17:14 Heavy Plow
22:52 Wheelbarrow
22:44 Pikeman
25:00 Forging
24:50 Scale Mail Armor
34:27 Imperial Age
32:13 Hand Cart
34:20 Gold Shaft Mining
33:36 Stone Mining
34:22 Iron Casting
34:02 Chain Mail Armor
35:44 Onager
Xtreme | ticohzao
10:31 Feudal Age
12:30 Double-Bit Axe
14:56 Castle Age
16:21 Bow Saw
23:50 Gold Mining
23:59 Loom
24:51 Wheelbarrow
24:49 Horse Collar
28:55 Imperial Age
26:11 Loom
26:16 Town Watch
26:17 Loom
27:40 Scale Barding Armor
27:46 Forging
27:53 Hand Cart
28:08 Husbandry
28:18 Bloodlines
28:50 Chain Barding Armor
28:26 Stone Mining
29:12 Gold Shaft Mining
29:47 Iron Casting
29:02 Cavalier
34:02 Plate Barding Armor
33:28 Scale Mail Armor
34:29 Blast Furnace
34:49 Heavy Plow
35:26 Stone Shaft Mining
34:25 Savar
36:38 Conscription
41:02 Town Patrol
41:06 Scale Mail Armor
42:16 Chemistry
42:34 Chain Mail Armor
42:21 Squires
41:42 Pikeman
42:08 Gambesons
42:09 Arson
44:20 Plate Mail Armor
48:09 Light Cavalry
48:44 Hussar
Lord Housedrick
10:20 Feudal Age
10:53 Double-Bit Axe
17:27 Castle Age
15:37 Horse Collar
18:23 Bow Saw
19:07 Loom
19:08 Town Watch
19:36 Heavy Plow
21:23 Stone Mining
21:24 Gold Mining
21:31 Gold Mining
22:02 Crossbowman
23:25 Scale Mail Armor
23:15 Fletching
25:06 Chain Mail Armor
25:03 Forging
28:41 Iron Casting
29:32 Bodkin Arrow
29:44 Squires
29:31 Arson
33:17 Imperial Age
32:24 Chieftains
32:53 Murder Holes
33:10 Masonry
34:38 Plate Mail Armor
33:45 Elite Varangian Guard
35:57 Blast Furnace
35:23 Conscription
46:28 Siege Engineers
Karzul
10:58 Feudal Age
11:47 Double-Bit Axe
12:07 Horse Collar
14:35 Castle Age
13:06 Gold Mining
15:36 Bow Saw
16:07 Heavy Plow
19:13 Wheelbarrow
23:48 Hand Cart
26:07 Imperial Age
23:23 Loom
23:41 Stone Mining
24:45 Scale Barding Armor
25:23 Bloodlines
25:25 Forging
27:06 Gold Shaft Mining
26:12 Heavy Hei Guang Cavalry
26:55 Husbandry
29:08 Town Watch
30:24 Chain Barding Armor
31:00 Iron Casting
31:54 Scale Mail Armor
31:16 Pikeman
31:57 Squires
32:09 Halberdier
33:28 Chain Mail Armor
34:04 Stone Shaft Mining
34:53 Blast Furnace
34:09 Arson
33:51 Light Cavalry
35:31 Tuntian
35:53 Conscription
36:01 Ming Guang Armor
35:27 Hussar
36:37 Caravan
37:09 Fletching
37:21 Padded Archer Armor
37:03 Elite Tiger Cavalry
38:53 Crop Rotation
41:39 Bodkin Arrow
42:00 Leather Archer Armor
41:58 Masonry
42:42 Bracer
43:04 Ballistics
43:45 Chemistry
45:57 Ring Archer Armor
46:09 Hoardings
49:35 Elite Skirmisher
Xtreme | Rayden
10:42 Feudal Age
14:45 Castle Age
13:46 Double-Bit Axe
14:02 Horse Collar
22:31 Imperial Age
28:42 Padded Archer Armor
33:40 Wheelbarrow
34:34 Town Watch
34:36 Loom
37:50 Leather Archer Armor
40:26 Hand Cart
40:22 Bow Saw
40:13 Heavy Plow
40:04 Gold Mining
42:35 Ring Archer Armor
44:33 Fletching
50:08 Scale Barding Armor
50:14 Forging
Connection lost

Rejoining the realm…

Still unreachable

The connection could not be restored.

Session expired

The server has moved on; the page needs a fresh start.